 Dungeon Crawl Stone Soup version bcrawl-1.21.2-28-g2cb1824106 (webtiles) character file.

Game seed: 1407316216056072041

253 MisterOstroum the Conjurer (level 5, -9/39 HPs)
             Began as a Demonspawn Conjurer on Mar 23, 2020.
             Was an Initiate of Sif Muna.
             Killed from afar by a wretched star (18 damage)
             ... with an orb of energy
             ... on level 1 of the Abyss.
             The game lasted 00:10:26 (4456 turns).

MisterOstroum the Conjurer (Demonspawn Conjurer)    Turns: 4456, Time: 00:10:27

Health: -9/39      AC:  3    Str:  9    XL:     5   Next: 90%
Magic:  20/20      EV: 17    Int: 19    God:    Sif Muna [......]
Gold:   213        SH:  0    Dex: 14    Spells: 0/8 levels left

rFire    . . .     SeeInvis .   B - staff of power
rCold    . . .     Gourm    .   (no shield)
rNeg     . . .     Faith    .   h - +0 robe
rPois    .         Spirit   .   (helmet restricted)
rElec    .         Reflect  .   E - +0 cloak
rCorr    .         Harm     .   (no gloves)
MR       .....                  x - -1 pair of boots (curse)
Stlth    +++.......             (no amulet)
HPRegen  0.53/turn              (no ring)
MPRegen  0.17/turn              (no ring)

@: agile, divine energy
A: horns 1, talons 1, clever 1, [clumsy 2], sense surroundings 1, regeneration
1, [screaming 2], evolution 1, subdued magic 1
a: Stop Divine Energy, Renounce Religion


You were on level 1 of the Abyss.
You worshipped Sif Muna.
Sif Muna was noncommittal.
You were hungry.

You visited 2 branches of the dungeon, and saw 5 of its levels.
You visited the Abyss 1 time.

You collected 213 gold pieces.

Inventory:

Hand Weapons
 a - a +0 hunting sling
 r - a +0 short sword
 v - the cursed +1 hand crossbow of Infection {velocity, rN+ MP+9 Int-2, unknown}
   (You found it on level 1 of the Abyss)

   Any bolt fired from it inflicts extra damage.
   It affects your intelligence (-2).
   It protects you from negative energy.
   It affects your magic capacity (+9).
   It has a curse placed upon it.
 y - a +3 mace of draining
 C - a +0 blowgun
Missiles
 b - 465 stones (quivered)
 f - 324 sling bullets
 o - 242 arrows
 D - 33 poisoned needles
 F - 51 curare-tipped needles
Armour
 g - a +0 large shield
 h - a +0 robe (worn)
 i - a +0 helmet
 m - the +2 ring mail "Hulozxui" {rF+, unknown}
   (You found it on level 4 of the Dungeon)

   It protects you from fire.
 x - a cursed -1 pair of boots (worn)
 E - a +0 cloak (worn)
Magical Staves
 B - an uncursed staff of power (weapon)
Scrolls
 d - 2 scrolls of amnesia {unknown}
 j - 3 scrolls of identify {unknown}
 k - a scroll of blinking {unknown}
 p - 2 scrolls of remove curse {unknown}
 q - 2 scrolls of magic mapping {unknown}
 u - a scroll of teleportation {unknown}
 w - 2 scrolls of enchant weapon {unknown}
 A - a scroll of immolation {unknown}
Potions
 c - a potion of magic
 l - a potion of invisibility {unknown}
 n - a potion of might {unknown}
 s - a potion of heal wounds {unknown}
 t - 2 potions of agility {@q5 !q}
 z - a potion of lignification {unknown}
 G - a potion of haste {unknown}
Comestibles
 e - 5 rations {!d}


   Skills:
 + Level 2.3 Fighting
 - Level 2.1 Slings
 - Level 1.7 Dodging
 - Level 3.0 Stealth
 + Level 2.3 Spellcasting
 + Level 5.2 Conjurations
 + Level 0.8 Transmutations


You couldn't memorise any spells.
You knew the following spells:

 Your Spells              Type           Power        Failure   Level  Hunger
a - Magic Dart            Conj           ###.         1%          1    #......
b - Searing Ray           Conj           ###.....     1%          2    ##.....
d - Irradiate             Conj/Tmut      ##........   75%         5    ######.

Your spell library contained the following spells:

 Spells                   Type           Power        Failure   Level  Hunger
 Iskenderun's Mystic Bla  Conj           ###.....     4%          3    ###....
 Fulminant Prism          Conj/Hex       #.........   45%         4    #####..


Dungeon Overview and Level Annotations

Branches:
Dungeon (4/12)             Temple (1/1) D:4

Altars:
Ashenzari
Hepliaklqana
Makhleb
Nemelex Xobeh
Ru
Sif Muna
Trog
Uskayaw
Vehumet
Wu Jian
Xom


Innate Abilities, Weirdness & Mutations

You have sharp toenails.
You have a pair of small horns on your head.
Your mind is acute. (Int +2)
You passively map a small area around you.
Your natural rate of healing is unusually fast.
You evolve.
Your spells are a little easier to cast, but a little less powerful.
[You are very clumsy. (Dex -4)]
[You sometimes yell uncontrollably at your foes.]


Message History

(Press . to maintain the ray.)
The hound closely misses you. The orc hits you with a +0 flail.
The searing ray hits the hound.
The hound is heavily wounded.
The hound barely misses you. The hound closely misses you.
The searing ray hits the hound.
The hound is almost dead.
The orc hits you but does no damage. The hound bites you but does no damage.
The searing ray misses the hound.
The searing ray hits the howler monkey!
The howler monkey is heavily wounded.
The hound barely misses you. The orc hits you but does no damage.
The hound barely misses you.
The searing ray hits the hound!
You kill the hound!
Sif Muna accepts your kill.
The searing ray hits the howler monkey!
The howler monkey is severely wounded.
The orc barely misses you.
The searing ray hits the howler monkey!
You kill the howler monkey!
Sif Muna accepts your kill.
Your life force feels restored.
The orc closely misses you.
Casting: Searing Ray (safe; 1% risk of failure)
Confirm with . or Enter, or press ? or * to list all spells.
Aiming: Magic Dart (safe; 1% risk of failure)
Press: ? - help, Shift-Dir - straight line, f - orc
Aim: an orc, wielding a +0 flail The magic dart hits the orc.
The orc is almost dead.
The orc hits you with a +0 flail.
Casting: Magic Dart (safe; 1% risk of failure)
Confirm with . or Enter, or press ? or * to list all spells.
Aiming: Magic Dart (safe; 1% risk of failure)
Press: ? - help, Shift-Dir - straight line, f/p - orc
Aim: an orc, wielding a +0 flail (almost dead)
The magic dart hits the orc.
You kill the orc!
Sif Muna accepts your kill.
Casting: Magic Dart (safe; 1% risk of failure)
Confirm with . or Enter, or press ? or * to list all spells.
You can't see any susceptible monsters within range! (Use Z to cast anyway.)
You see here a howler monkey corpse.
You butcher the howler monkey corpse.
v - a chunk of flesh You see here a howler monkey skeleton.
Eat a chunk of flesh? (ye/n/q)
You eat the chunk of flesh.
This raw flesh tastes terrible.
You hear the brisk rusting of a distant drain.
Found 17 gold pieces.
Found a stone staircase leading up.
You now have 213 gold pieces (gained 17).
You open the door.
There is an open door here.
HP restored.
You are feeling hungry.
No path to travel!
Okay, then.
You hit the plant but do no damage.
A worker ant comes into view.
The worker ant moves out of view.
Xom's power touches on you for a moment.
Your body is suffused with distortional energy.
You begin to heal more quickly.
A pair of horns grows on your head!
Your +0 helmet falls away!
Items here: )) [[ ÷÷
Found a stone staircase leading down.
Xom notices you. The divine experience confuses you!
You are confused.
No path to travel!
You are cast into the Abyss!
To return, you must find a gate leading back.
Killing monsters will force the Abyss to allow you passage.
This branch contains the abyssal rune of Zot.
Found 2 potions of agility and a sapphire hand crossbow.
No path to travel!
You bump into the rock wall.
You feel less confused.
Found a corrupted altar of Lugonu.
v - a sapphire hand crossbow
There is an empty arch of ancient stone here.
t - 3 potions of agility {@q5 !q} (gained 2) Really quaff
t - 3 potions of agility {@q5 !q}? [Y]es or [N]o only, please.
Really quaff
t - 3 potions of agility {@q5 !q}?
You feel agile all of a sudden.
A wretched star comes into view.
The wretched star pulses with an eldritch light!
You feel clumsy. x2; You feel the urge to shout.
You feel a strong urge to yell.
Found a ration.
Unknown command.
Unknown command.
A large abomination comes into view.
The wretched star glows turbulently.
The orb of energy hits you!!
Ouch! That really hurt!
* * * LOW HITPOINT WARNING * * *
The orb of energy explodes!
The wretched star glows turbulently.
The orb of energy hits you!!
You die...

## ## ###.##.# .
##### #... .# ≈.
#...###.####.# ..
#..#..#.....##.#
##....*..#.# ..
#.@.###.#.##.# ##
#.####..#....##..#
#.# ####.#....##..
## #. .#. .#...#
#...##.. #.##
#..........# #
.#.##.######
#.#.#.*# ..#. . #
§# . ..... .*#


You could see a wretched star.

Vanquished Creatures
  A howler monkey (D:4)
  A hound (D:4)
  Terence (D:2)
  2 orc wizards (D:4)
  2 adders (D:3)
  3 worms
  2 dart slugs
  A leopard gecko (D:2)
  5 orcs
  A ball python (D:1)
  2 giant cockroaches
  10 goblins
  8 hobgoblins
  11 jackals
  10 kobolds
  2 quokkas
  A bat (D:2)
  4 frilled lizards
  2 rats
69 creatures vanquished.

Notes
Turn   | Place    | Note
-------+----------+-------------------------------------------
     0 | D:1      | MisterOstroum the Demonspawn Conjurer began the quest for
                  | the Orb.
     0 | D:1      | Reached XP level 1. HP: 13/13 MP: 3/3
   226 | D:1      | Reached skill level 1 in Fighting
   359 | D:1      | Found a sparkling altar of Nemelex Xobeh.
   485 | D:2      | Noticed Terence
   665 | D:1      | Gained mutation: You have sharp toenails. [demonic
                  | ancestry]
   665 | D:1      | Reached XP level 2. HP: 22/22 MP: 3/5
  1025 | D:2      | Found a faded altar of an unknown god.
  1071 | D:2      | Became a worshipper of Xom the Less-Predictable
  1105 | D:2      | XOM: potion effect (curing)
  1110 | D:2      | XOM: potion effect (magic)
  1110 | D:2      | XOM: butterfly on damage
  1168 | D:2      | XOM: harmless Tmut miscast
  1170 | D:2      | XOM: divination: detect items
  1197 | D:2      | XOM: silly message
  1206 | D:1      | Learned a level 2 spell: Searing Ray
  1314 | D:1      | XOM: polymorph hobgoblin -> orc
  1449 | D:1      | XOM: cloud trail
  1627 | D:2      | Reached XP level 3. HP: 27/27 MP: 2/6
  1880 | D:2      | XOM: harmless Erth miscast
  2032 | D:2      | XOM: stat loss: -1 Str (7/8)
  2129 | D:2      | XOM is BORED!
  2129 | D:2      | XOM: confusion (+ monsters)
  2199 | D:2      | Killed Terence
  2199 | D:2      | Reached XP level 4. HP: 19/33 MP: 1/7
  2637 | D:2      | XOM: stat loss: -1 Int (16/17)
  2785 | D:3      | Reached skill level 1 in Slings
  2870 | D:3      | XOM: give mutation
  2870 | D:3      | Gained mutation: Your muscles are strong. (Str +2) [Xom's
                  | mischief]
  2910 | D:3      | XOM: 4-stop teleportation journey
  2911 | D:3      | XOM: polymorph hobgoblin -> orc
  2975 | D:3      | XOM: 9-stop teleportation journey
  3020 | D:3      | XOM: god gift: curved smoking staff {god gift}
  3428 | D:3      | XOM is BORED!
  3469 | D:3      | XOM: divination: magic mapping
  3489 | D:3      | XOM: cloud trail
  3897 | D:4      | Found a staircase to the Ecumenical Temple.
  3907 | Temple   | Entered the Ecumenical Temple
  3975 | Temple   | Fell from the grace of Xom
  3975 | Temple   | Became a worshipper of Sif Muna the Loreminder
  4005 | D:4      | Reached XP level 5. HP: 25/38 MP: 8/8
  4014 | D:4      | Lost mutation: Your muscles are strong. (Str +2) [potion of
                  | mutation]
  4014 | D:4      | Gained mutation: You possess an exceptional clarity of
                  | mind. [potion of mutation]
  4014 | D:4      | Gained mutation: You are weak. (Str -2) [potion of
                  | mutation]
  4014 | D:4      | Gained mutation: You are resistant to hostile enchantments.
                  | (MR+) [potion of mutation]
  4019 | D:4      | Reached skill level 5 in Conjurations
  4028 | D:4      | Learned a level 5 spell: Irradiate
  4299 | Temple   | XOM: give mutations
  4299 | Temple   | Gained mutation: Scrolls take you a little longer to read.
                  | [Xom's mischief]
  4299 | Temple   | Lost mutation: You possess an exceptional clarity of mind.
                  | [Xom's mischief]
  4302 | D:4      | Lost mutation: You are resistant to hostile enchantments.
                  | (MR+) [potion of mutation]
  4302 | D:4      | Lost mutation: You are weak. (Str -2) [potion of mutation]
  4302 | D:4      | Lost mutation: Scrolls take you a little longer to read.
                  | [potion of mutation]
  4302 | D:4      | Gained mutation: Your mind is acute. (Int +2) [potion of
                  | mutation]
  4302 | D:4      | Gained mutation: Your spells are a little easier to cast,
                  | but a little less powerful. [potion of mutation]
  4302 | D:4      | Gained mutation: You passively map a small area around you.
                  | [potion of mutation]
  4302 | D:4      | Gained mutation: You evolve. [potion of mutation]
  4311 | D:4      | Got a scorched ring mail
  4379 | D:4      | XOM: give mutations
  4379 | D:4      | Gained mutation: Your natural rate of healing is unusually
                  | fast. [Xom's grace]
  4379 | D:4      | Gained mutation: You have a pair of small horns on your
                  | head. [Xom's grace]
  4395 | D:4      | XOM: medium Tloc miscast
  4396 | D:4      | Cast into level 1 of the Abyss (the capriciousness of Xom)
  4404 | Abyss:1  | Found a corrupted altar of Lugonu.
  4410 | Abyss:1  | Got a sapphire hand crossbow
  4435 | Abyss:1  | Noticed a wretched star
  4438 | Abyss:1  | Noticed a large abomination
  4456 | Abyss:1  | Killed from afar by a wretched star

Skill      XL: |  1  2  3  4  5 |
---------------+----------------+-----
Fighting       | 1 2 |  2.3
Slings         | 1 2 |  2.1
Stealth        | 3 |  3.0
Conjurations   | 5 |  5.2
Dodging        | |  1.7
Spellcasting   | |  2.3
Transmutations | |  0.8

Action                   |  1- 3 |  4- 6 || total
-------------------------+-------+-------++-------
Melee: Unarmed           |     1 |       ||     1
       Staff             |       |     3 ||     3
 Fire: Hunting sling     |    66 |    18 ||    84
 Cast: Magic Dart        |    72 |    86 ||   158
       Searing Ray       |     1 |     3 ||     4
Invok: Divine Energy     |       |     1 ||     1
  Use: Potion            |       |     4 ||     4
  Eat: Chunk             |     5 |     9 ||    14
Armor: Robe              |     7 |    13 ||    20
Dodge: Dodged            |    30 |    28 ||    58
Block: Large shield      |     8 |       ||     8
